 Dungeon Crawl Stone Soup version 0.26-a0-498-g0fdccc9 (webtiles) character file.

Game seed: 11903467951575166770

97 Hellonello the Covered (level 4, -1/33 HPs)
             Began as a Minotaur Enchanter on Aug 6, 2020.
             Killed from afar by a white imp (10 damage)
             ... with a puff of frost
             ... on level 3 of the Dungeon.
             The game lasted 00:03:17 (2257 turns).

Hellonello the Covered (Minotaur Enchanter)         Turns: 2257, Time: 00:03:18

Health: -1/33      AC:  6    Str: 13    XL:     4   Next: 42%
Magic:  5/5        EV:  9    Int: 12    God:
Gold:   99         SH:  0    Dex: 11    Spells: 4/5 levels left

rFire    . . .     SeeInvis .   a - +1 dagger
rCold    . . .     Faith    .   (no shield)
rNeg     . . .     Spirit   .   e - +0 scale mail
rPois    .         Reflect  .   (helmet restricted)
rElec    .         Harm     .   (no cloak)
rCorr    .                      (no gloves)
MR       .....                  (no boots)
Stlth    +.........             (no amulet)
HPRegen  0.11/turn              (no ring)
MPRegen  0.09/turn              (no ring)

@: no status effects
A: retaliatory headbutt, horns 2
a: no special abilities


You were on level 3 of the Dungeon.
You visited 1 branch of the dungeon, and saw 3 of its levels.

You collected 99 gold pieces.

Inventory:

Hand Weapons
 a - a +1 dagger (weapon)
Armour
 e - a +0 scale mail (worn)
Potions
 c - a potion of curing
 d - a potion of lignification
 g - a potion of cancellation


   Skills:
 + Level 3.4 Short Blades
 + Level 3.4 Armour
 - Level 2.1 Dodging
 - Level 2.4 Stealth
 - Level 1.3 Spellcasting
 - Level 2.0 Hexes


You had 4 spell levels left.
You knew the following spells:

 Your Spells              Type           Power        Failure   Level
a - Corona                Hex            #......      50%         1

Your spell library contained the following spells:

 Spells                   Type           Power        Failure   Level
 Ensorcelled Hibernation  Hex/Ice        #.....       77%         2
 Confusing Touch          Hex            #.......     86%         3
 Tukima's Dance           Hex            #.......     86%         3
 Dazzling Flash           Conj/Hex       #.....       94%         3


Dungeon Overview and Level Annotations

Branches:
Dungeon (3/15)

Altars:


Innate Abilities, Weirdness & Mutations

You reflexively headbutt those who attack you in melee.
You have a pair of horns on your head.


Message History

You barely miss the white imp.
The white imp is heavily wounded.
The quokka closely misses you.
You hit the white imp. Your headbutt misses the white imp.
The white imp is severely wounded.
The white imp closely misses you. The quokka barely misses you.
You barely miss the white imp.
The white imp is severely wounded.
The quokka closely misses you. The white imp closely misses you.
You closely miss the white imp. You headbutt the white imp.
The white imp is almost dead.
The quokka misses you. The white imp gestures at you.
The puff of frost hits you.
* * * LOW HITPOINT WARNING * * *
You feel better.
The quokka bites you but does no damage.
The white imp gestures at you. The puff of frost hits you!
You die...

. .. ..$ .
#. #.# #. #.
#.###
##.##.##...#
#..........+
+..........#
#..........#
#..5@.<.#
#.##r##..#
#.. ....#
#.#.....!..
...#..#.##.
#.. ..#.#
... ... #
...###.#


You could see a white imp and a quokka.

Vanquished Creatures
  Terence (D:2)
  2 adders (D:2)
  3 worms (D:2)
  4 dart slugs (D:1)
  6 bats
  2 giant cockroaches
  3 goblins
  7 hobgoblins
  3 frilled lizards
  5 kobolds
  A rat (D:2)
  A plant (D:1)
38 creatures vanquished.

Notes
Turn   | Place    | Note
-------+----------+-------------------------------------------
     0 | D:1      | Hellonello the Minotaur Enchanter began the quest for the
                  | Orb.
     0 | D:1      | Reached XP level 1. HP: 14/14 MP: 1/1
    95 | D:1      | Reached skill level 1 in Armour
   105 | D:1      | Reached XP level 2. HP: 5/20 MP: 3/3
   783 | D:1      | Reached XP level 3. HP: 26/26 MP: 4/4
  1232 | D:2      | Noticed Terence
  1257 | D:2      | Killed Terence
  1751 | D:2      | Reached XP level 4. HP: 33/33 MP: 5/5
  2257 | D:3      | Killed from afar by a white imp

Illustrated notes

Levels and vault maps discovered:
D:1:      wander_arrival_estate, layout_basic, serial_bayou_lake_a
D:2:      layout_basic, uniq_terence
D:3:      layout_basic, fedhas_altar_fruit_tree, uniq_natasha

Skill      XL: |  1  2  3 |
---------------+----------+-----
Armour         | 1 2 3 |  3.4
Short Blades   | 2 3 |  3.4
Dodging        | |  2.1
Stealth        | |  2.4
Spellcasting   | |  1.3
Hexes          | |  2.0

Action                   |  1- 3 |  4- 6 || total
-------------------------+-------+-------++-------
Melee: Dagger            |   155 |    35 ||   190
       Headbutt          |    32 |     4 ||    36
  Use: Scroll            |     3 |     4 ||     7
       Potion            |       |     1 ||     1
 Stab: Sleeping          |     1 |       ||     1
Armor: Robe              |    16 |       ||    16
       Scale mail        |     3 |    12 ||    15
Dodge: Dodged            |    51 |    27 ||    78

Table legend: (Time is in decaauts)
 A = Elapsed time spent in this place.
 B = Non-inter-level travel time spent in this place.
 C = Inter-level travel time spent in this place.
 D = Time resting spent in this place.
 E = Time spent auto-exploring this place.
 F = Levels seen in this place.
 G = Mean time per level.
                   A        B        C        D        E       F      G
               +--------+--------+--------+--------+--------+-----+--------+
         Total |   2277 |   2211 |     66 |    868 |    979 |   3 |  759.0 |
       Dungeon |   2277 |   2211 |     66 |    868 |    979 |   3 |  759.0 |
               +--------+--------+--------+--------+--------+-----+--------+

Top non-repeatable levels by time:
     D:1: 1454 daAuts
     D:2: 806 daAuts
     D:3: 16 daAuts
